 Dungeon Crawl Stone Soup version 0.30-a0-377-g5cb311bc9f (webtiles) character file.

Game seed: 2209271738455755740

569 tio the Grave Robber (level 7, -1/42 HPs)
             Began as a Demonspawn Necromancer on Nov 28, 2022.
             Was an Initiate of Makhleb.
             Slain by a wyvern (15 damage)
             ... on level 6 of the Dungeon.
             The game lasted 00:54:41 (6874 turns).

tio the Grave Robber (Demonspawn Necromancer)       Turns: 6874, Time: 00:54:41

Health: -1/42      AC: 13    Str:  9    XL:     7   Next: 11%
Magic:  4/15       EV:  8    Int: 18    God:    Makhleb [......]
Gold:   182        SH:  0    Dex: 13    Spells: 8/16 levels left

rFire   + . .      SeeInvis .    w - +6 dagger (drain)
rCold   + + .      Faith    .    (no shield)
rNeg    . . .      Spirit   .    v - +3 scale mail of Yvodogi {rC+}
rPois   +          Reflect  .    (no helmet)
rElec   +          Harm     .    a - scarf {repulsion}
rCorr   +          Rampage  .    k - +0 pair of gloves
Will    .....                    (no boots)
Stlth   ..........               (no amulet)
HPRegen 0.27/turn                n - ring of wizardry
MPRegen 0.14/turn                p - ring of flight

@: resistant, flying, studying Staves, repel missiles
A: reduced essence, hooves 1, slimy green scales 2, foul stench 1
a: Renounce Religion


You were on level 6 of the Dungeon.
You worshipped Makhleb.
Makhleb was noncommittal.
You visited 2 branches of the dungeon, and saw 7 of its levels.

You collected 360 gold pieces.
You spent 120 gold pieces at shops.
You paid 58 gold pieces to Gozag.

Inventory:

Hand Weapons
 i - a +0 whip of freezing
 w - a +6 dagger of draining (weapon)
Armour
 a - a scarf of repulsion (worn)
 c - a +0 ring mail of fire resistance
 k - a +0 pair of gloves (worn)
 v - the +3 scale mail of Yvodogi (worn) {rC+}
   (You found it on level 4 of the Dungeon)

   rC:        It protects you from cold.
Magical Staves
 e - a staff of fire
 r - a staff of conjuration
 u - a staff of poison
Jewellery
 n - a ring of wizardry (left hand)
 p - a ring of flight (right hand)
 q - a ring of ice
Wands
 o - a wand of charming (2)
Scrolls
 j - a scroll of teleportation
 m - a scroll of blinking
 y - a scroll of summoning {unknown}
Potions
 b - 3 potions of magic
 d - 3 potions of curing
 f - a potion of heal wounds
 g - a potion of flight
 h - a potion of mutation {unknown}
 l - a potion of might {unknown}
 s - a potion of haste {unknown}
 t - a potion of attraction
 x - a potion of lignification {unknown}
 A - a potion of berserk rage {unknown}


   Skills:
 + Level 0.4 Fighting
 + Level 1.0 Staves
 + Level 0.2 Armour
 + Level 2.0 Dodging
 + Level 1.8 Stealth
 + Level 0.1 Unarmed Combat
 + Level 5.4 Spellcasting
 + Level 6.7 Necromancy
 + Level 0.2 Evocations


You had 8 spell levels left.
You knew the following spells:

 Your Spells              Type           Power      Damage    Failure   Level
a - Necrotise             Necr           100%       1d9       2%          1
b - Animate Dead          Necr           29%        N/A       26%         4
c - Vampiric Draining     Necr           29%        2d8       9%          3

Your spell library contained the following spells:

 Spells                   Type           Power      Damage    Failure   Level
 Cigotuvi's Dreadful Rot  Necr/Pois/Air  24%        N/A       26%         2
 Dispel Undead            Necr           29%        3d13      26%         4
 Agony                    Necr           29%        N/A       56%         5
 Airstrike                Air            2%         2d(1-17)  98%         4
 Summon Lightning Spire   Summ/Air       4%         N/A       98%         4
 Death Channel            Necr           14%        N/A       98%         6
 Lightning Bolt           Conj/Air       2%         1d13      100%        5


Dungeon Overview and Level Annotations

Branches:
Dungeon (6/15)             Temple (1/1) D:4

Altars:
Cheibriados
Fedhas
Gozag
Hepliaklqana
Kikubaaqudgha
Makhleb
Nemelex Xobeh
Qazlal
Ru
Sif Muna
Trog
Uskayaw
Vehumet
Wu Jian
Xom

Shops:
D:4 *

Annotations:
D:6 Eustachio, Menkaure


Innate Abilities, Weirdness & Mutations

Your life essence is reduced to manifest your ancestor. (-10% HP)
You have large cloven feet.
You are mostly covered in slimy green scales. (AC +3)
You may rarely emit foul miasma when damaged in melee.


Message History

Eustachio writhes in agony.
The bat hits you.
Eustachio gestures wildly while chanting.
The quokka bites you.
The shadow imp hits you but does no damage.
The orc priest looks encouraged for a moment.
Eustachio hits you with a +0 falchion.
Eustachio writhes in agony!
Your surroundings suddenly seem different.
Level annotation: Eustachio, Menkaure Welcome back, tio the Demonspawn Necromancer.
Blood and souls for Makhleb!
Press ? for a list of commands and other information.
An orc and an orc wizard come into view.
The orc is wielding a +2 vampiric hand axe.
Found a stone staircase leading down.
The orc shouts!
The orc wizard shouts!
A wyvern comes into view.
Gozag incites the wyvern against you.
The wyvern goes berserk!
The orc moves out of view.
The orc wizard writhes in agony!
You hear a shout!
The orc wizard writhes in agony.
The orc wizard mumbles some strange words.
The orc wizard flickers and vanishes!
Deactivating autopickup; reactivate with Ctrl-A.
An orc comes into view. It is wielding a +1 dagger of draining.
Nothing appears to happen.
You hear an angry hiss.
Something hits you.
Something writhes in agony.
Makhleb accepts your kill.
Reactivating autopickup.
The orc writhes in agony!
You kill the orc!
Makhleb accepts your kill. The wyvern barely misses you.
The wyvern writhes in agony!
The wyvern bites you!!
Ouch! That really hurt!
The wyvern bites you!
You die...

#####..<.
... .@.
.o r. #l
#. #.####
#Zl@.#
####.#
#.# #.#
#.# #.#
#.. ###


You could see a wyvern (berserk, incited, ally target) and a friendly orc wizard
skeleton.

Vanquished Creatures
  An ice beast (D:5)
  A sky beast (D:4)
  A scorpion (D:4)
  3 jellies
  An orc priest (D:5)
  2 hounds
  Natasha (twice) (D:3)
  6 iguanas
  Ijyb (D:3)
  2 orc wizards
  5 gnolls (D:4)
  6 adders
  A white imp (D:5)
  An ufetubus (D:5)
  2 worms (D:3)
  3 dart slugs
  17 orcs
  2 bats (D:2)
  8 endoplasms
  5 giant cockroaches
  17 goblins
  15 hobgoblins
  3 jackals (D:2)
  3 quokkas
  7 ball pythons
  4 frilled lizards
  11 kobolds
  6 rats
136 creatures vanquished.

Vanquished Creatures (collateral kills)
  An orc (D:4)
  2 endoplasms (D:2)
  A goblin (D:4)
  A jackal (D:2)
  A kobold (D:2)
6 creatures vanquished.

Vanquished Creatures (others)
  13 fungi (D:5)
13 creatures vanquished.

Grand Total: 155 creatures vanquished

Notes
Turn   | Place    | Note
-------+----------+-------------------------------------------
     0 | D:1      | tio the Demonspawn Necromancer began the quest for the Orb.
     0 | D:1      | Reached XP level 1. HP: 13/13 MP: 3/3
   281 | D:1      | Gained mutation: You are partially covered in slimy green
                  | scales. (AC +2) [demonic ancestry]
   281 | D:1      | Reached XP level 2. HP: 19/19 MP: 3/5
   371 | D:1      | Found a faded altar of an unknown god.
  1236 | D:2      | Reached skill level 5 in Necromancy
  1236 | D:2      | Gained mutation: You have large cloven feet. [demonic
                  | ancestry]
  1236 | D:2      | Reached XP level 3. HP: 23/24 MP: 0/6
  1636 | D:2      | Reached skill level 1 in Staves
  1641 | D:2      | Gained mutation: You are mostly covered in slimy green
                  | scales. (AC +3) [demonic ancestry]
  1641 | D:2      | Reached XP level 4. HP: 27/30 MP: 3/8
  2341 | D:3      | Learned a level 4 spell: Animate Dead
  2345 | D:3      | Learned a level 3 spell: Vampiric Draining
  2379 | D:3      | Noticed Ijyb
  2397 | D:3      | Killed Ijyb
  2540 | D:3      | Noticed Natasha
  2544 | D:3      | Killed Natasha
  2545 | D:3      | Reached XP level 5. HP: 35/35 MP: 5/10
  2741 | D:3      | Noticed Natasha
  2800 | D:3      | Killed Natasha
  3321 | D:4      | Noticed a sky beast
  3329 | D:4      | Killed a sky beast
  3330 | D:4      | Reached skill level 6 in Necromancy
  3330 | D:4      | Gained mutation: You may rarely emit foul miasma when
                  | damaged in melee. [demonic ancestry]
  3330 | D:4      | Reached XP level 6. HP: 42/42 MP: 3/12
  3611 | D:4      | Identified the +3 scale mail of Yvodogi {rC+}
  4168 | D:4      | Found Elyqyuvemu's Neck Hole.
  4171 | D:4      | Reached skill level 5 in Spellcasting
  4177 | D:4      | Bought a scarf of repulsion for 120 gold pieces
  4188 | D:4      | Reached XP level 7. HP: 45/47 MP: 9/14
  4506 | D:4      | Found a staircase to the Ecumenical Temple.
  4869 | Temple   | Entered the Ecumenical Temple
  5431 | Temple   | Became a worshipper of Hepliaklqana the Forgotten
  5438 | Temple   | Fell from the grace of Hepliaklqana
  5438 | Temple   | Became a worshipper of Gozag Ym Sagoz the Greedy
  5487 | D:5      | Entered Level 5 of the Dungeon
  5765 | D:5      | Found a bloodstained altar of Trog.
  5766 | D:5      | Found a hide-covered altar of Uskayaw.
  5767 | D:5      | Found a burning altar of Makhleb.
  5860 | D:5      | Found a shimmering blue altar of Sif Muna.
  6499 | D:5      | Found a blossoming altar of Fedhas.
  6789 | D:5      | Fell from the grace of Gozag
  6789 | D:5      | Became a worshipper of Makhleb the Destroyer
  6834 | D:6      | Noticed Menkaure
  6848 | D:6      | Noticed Eustachio
  6867 | D:6      | Noticed a wyvern
  6874 | D:6      | Slain by a wyvern

Illustrated notes

Levels and vault maps discovered:
D:1:      lightli_arrival_farm, layout_basic,
          hellmonk_ecumenical_altar_crossroads, minmay_cupped
D:2:      layout_loops_ring, minmay_strange_pillars, minmay_diced_spiral
D:3:      layout_basic, uniq_natasha, uniq_ijyb
D:4:      corexii_shantytown, layout_gridville, temple_doors_ab, hex_large,
          nicolae_shop_sticking_my_neck_out
D:5:      nicolae_BIG_FREAKIN_CUBE, layout_loops_corners, kennysheep_little_box,
          mainiacjoe_overflow_cross_hatched, gammafunk_temple_overflow_forgotten
D:6:      lemuel_slime, layout_basic, uniq_edmund, uniq_menkaure, uniq_eustachio
Temple:   chequers_temple_sunken

Skill      XL: |  1  2  3  4  5  6 |
---------------+-------------------+-----
Necromancy     | 5 6 |  6.7
Staves         | 1 |  1.0
Spellcasting   | 3 4 5 |  5.4
Dodging        | 2 |  2.0
Fighting       | |  0.4
Armour         | |  0.2
Stealth        | |  1.8
Unarmed Combat | |  0.1
Evocations     | |  0.2

Action                   |  1- 3 |  4- 6 |  7- 9 || total
-------------------------+-------+-------+-------++-------
Melee: Unarmed           |    13 |       |       ||    13
       Staff             |    18 |    12 |    19 ||    49
       Kick              |     4 |     4 |     5 ||    13
       Dagger            |       |       |     3 ||     3
 Cast: Necrotise         |    60 |   132 |   120 ||   312
Evoke: Wand              |       |     4 |       ||     4
  Use: Potion            |     1 |     1 |     7 ||     9
       Scroll            |     1 |    11 |     2 ||    14
Armor: Robe              |     7 |     7 |       ||    14
       Scale mail        |       |    12 |    89 ||   101
       Skin              |       |     2 |       ||     2
Dodge: Dodged            |    28 |    18 |    54 ||   100

Table legend: (Time is in decaauts)
 A = Elapsed time spent in this place.
 B = Non-inter-level travel time spent in this place.
 C = Inter-level travel time spent in this place.
 D = Time resting spent in this place.
 E = Time spent auto-exploring this place.
 F = Levels seen in this place.
 G = Mean time per level.
                   A        B        C        D        E       F      G
               +--------+--------+--------+--------+--------+-----+--------+
         Total |   6896 |   6151 |    745 |      0 |   5246 |   7 |  985.1 |
       Dungeon |   6318 |   5657 |    661 |      0 |   4767 |   6 | 1053.0 |
        Temple |    577 |    493 |     84 |      0 |    479 |   1 |  577.0 |
               +--------+--------+--------+--------+--------+-----+--------+

Top non-repeatable levels by time:
     D:4: 1593 daAuts
     D:5: 1346 daAuts
     D:1: 1208 daAuts
     D:3: 1206 daAuts
     D:2: 920 daAuts
  Temple: 577 daAuts
     D:6: 41 daAuts
